 Dungeon Crawl Stone Soup version 0.29.0-13-gc9e81de378 (webtiles) character file.

Game seed: 6030453629905463542

59 apoch the Chopper (level 3, -2/31 HPs)
             Began as a Minotaur Fighter on Sept 9, 2022.
             Slain by Crazy Yiuf
             ... wielding a +3 quarterstaff of chaos
              (6 damage)
             ... on level 2 of the Dungeon.
             The game lasted 00:01:54 (1927 turns).

apoch the Chopper (Minotaur Fighter)                Turns: 1927, Time: 00:01:54

Health: -2/31      AC:  6    Str: 22    XL:     3   Next: 78%
Magic:  2/2        EV:  9    Int:  5    God:
Gold:   74         SH:  4    Dex:  9    Spells: 2/2 levels left

rFire   . . .      SeeInvis .   a - +0 war axe
rCold   . . .      Faith    .   c - +0 buckler
rNeg    . . .      Spirit   .   b - +0 scale mail
rPois   .          Reflect  .   (helmet restricted)
rElec   .          Harm     .   (no cloak)
rCorr   .          Rampage  .   (no gloves)
Will    .....                   (no boots)
Stlth   ..........              (no amulet)
HPRegen 0.10/turn               (no ring)
MPRegen 0.08/turn               (no ring)

@: no status effects
A: horns 2, retaliatory headbutt
a: no special abilities


You were on level 2 of the Dungeon.
You visited 1 branch of the dungeon, and saw 2 of its levels.

You collected 74 gold pieces.

Inventory:

Hand Weapons
 a - a +0 war axe (weapon)
Missiles
 e - 3 poisoned darts
 t - a stone (quivered)
Armour
 b - a +0 scale mail (worn)
 c - a +0 buckler (worn)
Jewellery
 r - an amulet of reflection
Scrolls
 f - 2 scrolls of enchant armour {unknown}
 h - 2 scrolls of teleportation {unknown}
 i - a scroll of torment {unknown}
 j - a scroll of identify {unknown}
 l - a scroll of blinking {unknown}
 m - a scroll of amnesia {unknown}
 o - a scroll of enchant weapon {unknown}
 p - a scroll of magic mapping {unknown}
Potions
 d - a potion of might
 g - a potion of cancellation {unknown}
 k - a potion of flight {unknown}
 n - 2 potions of mutation {unknown}
 q - a potion of haste {unknown}
 s - a potion of lignification {unknown}


   Skills:
 - Level 3.6 Fighting
 + Level 5.1 Axes
 - Level 3.6 Armour
 - Level 3.6 Shields


You had 2 spell levels left.
You didn't know any spells.
Your spell library was empty.

Dungeon Overview and Level Annotations

Branches:
Dungeon (2/15)

Altars:

Annotations:
D:2 Crazy Yiuf


Innate Abilities, Weirdness & Mutations

You have a pair of horns on your head.
You reflexively headbutt those who attack you in melee.


Message History

There is an open door here.
There is an open door, spattered with blood here.
You see here a rat corpse.
You see here a +0 robe.
There is an open door here.
You see here a quokka skeleton.
You see here a quokka skeleton.
You open the door. You open the door.
A bat comes into view.
You closely miss the bat. The bat hits you but does no damage.
You block the bat's attack.
You throw a stone. The stone hits the bat.
The bat is heavily wounded.
The bat hits you but does no damage.
You hit the bat.
You kill the bat!
There is an open door here.
There is an open door here.
You see here a +0 mace.
Crazy Yiuf shouts!
No reachable target in view!
You open the door. You closely miss Crazy Yiuf.
Your headbutt misses Crazy Yiuf.
Crazy Yiuf hits you with a +3 quarterstaff of chaos!
You are electrocuted!
You barely miss Crazy Yiuf. Crazy Yiuf barely misses you.
You hit Crazy Yiuf.
Crazy Yiuf is moderately wounded.
Crazy Yiuf closely misses you.
Crazy Yiuf cries, "Tosser aubergine turtle!"
Crazy Yiuf hits you with a +3 quarterstaff of chaos!
* * * LOW HITPOINT WARNING * * *
You hit Crazy Yiuf but do no damage.
Crazy Yiuf is moderately wounded.
Crazy Yiuf hits you but does no damage. You resist with some effort.
You barely miss Crazy Yiuf.
Crazy Yiuf is moderately wounded.
Crazy Yiuf hits you with a +3 quarterstaff of chaos.
You die...

.......................>.....#
...#####.##############.####.#
...# #.# #.# #.# ...# #.#
##### #.# #.# ...# #.# #)..#
#.# #.# #### #.# #...# #.# #.#
#.### ... #.# #.# #...# #g#
#.# #.#### ######'### ♣@♣♣ #.#
#.#... #........# ♣♣.♣ #.#
#.#.## #........# ♣.♣♣ #.#
#.#.# # #........# ♣♣.♣ #.#
#.#.# ###........# ♣♣.♣♣
##.####.#.# .###########
♣♣...♣ #.......#.# .# ♣....♣
##.######.# .# ##..## #.# #.#
.# ##....####.# #.#


You could see Crazy Yiuf.

Vanquished Creatures
  2 adders (D:2)
  A ball python (D:1)
  2 bats
  An endoplasm (D:2)
  5 goblins
  4 hobgoblins
  8 jackals
  2 quokkas
  3 frilled lizards (D:1)
  4 kobolds
  4 rats
36 creatures vanquished.

Notes
Turn   | Place    | Note
-------+----------+-------------------------------------------
     0 | D:1      | apoch the Minotaur Fighter began the quest for the Orb.
     0 | D:1      | Reached XP level 1. HP: 19/19 MP: 0/0
   216 | D:1      | Reached skill level 3 in Axes
   398 | D:1      | Reached XP level 2. HP: 26/26 MP: 1/1
   545 | D:1      | You fall into a shaft and drop 1 floor!
   636 | D:2      | Found a faded altar of an unknown god.
   652 | D:2      | Reached skill level 4 in Axes
   897 | D:1      | Reached XP level 3. HP: 30/31 MP: 2/2
  1312 | D:2      | Found a runed translucent door.
  1313 | D:2      | Noticed Crazy Yiuf
  1634 | D:2      | Reached skill level 5 in Axes
  1927 | D:2      | Slain by Crazy Yiuf

Illustrated notes

Levels and vault maps discovered:
D:1:      dpeg_arrival_simpleton_b, layout_basic
D:2:      layout_basic, hellmonk_ecumenical_altar_leap_of_faith,
          uniq_crazy_yiuf_cottage

Skill      XL: |  1  2  3 |
---------------+----------+-----
Axes           | 3 4 5 |  5.1
Fighting       | |  3.6
Armour         | |  3.6
Shields        | |  3.6

Action                   || total
-------------------------++-------
Melee: War axe           ||    70
       Headbutt          ||     4
Throw: Stone             ||    32
       Dart              ||     3
Armor: Scale mail        ||    24
Dodge: Dodged            ||    36
Block: Buckler           ||    18
